 Dungeon Crawl Stone Soup version 0.30-a0-458-g86641cc369 (webtiles) character file.

Game seed: 860310387020497842

7 Jeffwins the Trooper (level 2, 24/24 HPs)
             Began as an Octopode Wanderer on Dec 14, 2022.
             Quit the game on level 1 of the Dungeon.
             The game lasted 00:00:48 (145 turns).

Jeffwins the Trooper (Octopode Wanderer)             Turns: 145, Time: 00:00:48

Health: 24/24      AC:  1    Str:  8    XL:     2   Next: 4%
Magic:  4/4        EV: 12    Int: 16    God:
Gold:   0          SH:  0    Dex: 12    Spells: 2/3 levels left

rFire   . . .      SeeInvis .    a - +1 falchion
rCold   . . .      Faith    .    (no shield)
rNeg    . . .      Spirit   .    (helmet restricted)
rPois   .          Reflect  .    (no amulet)
rElec   .          Harm     .    (no ring)
rCorr   .          Rampage  .    (no ring)
Will    .....                    (no ring)
Stlth   ++........               (no ring)
HPRegen 0.24/turn                (no ring)
MPRegen 0.09/turn                (no ring)
                                 (no ring)
                                 (no ring)

@: no status effects
A: almost no armour, amphibious, 8 rings, camouflage 1, gelatinous body 1,
(nimble swimmer 1), tentacles
a: no special abilities


You were on level 1 of the Dungeon.
You visited 1 branch of the dungeon, and saw 1 of its levels.


Innate Abilities, Weirdness & Mutations

You cannot wear most types of armour.
You are amphibious.
You can wear up to eight rings at the same time.
Your skin changes colour to match your surroundings (Stealth+).
Your rubbery body absorbs attacks. (AC +1, EV +1)
((You are camouflaged when in or above water. (Stealth+)))
You have tentacles for arms and can constrict up to eight enemies at once.


   Skills:
 - Level 5.0 Fighting
 - Level 1.0 Long Blades
 * Level 1.4 Spellcasting
 * Level 3.2 Earth Magic


You had 2 spell levels left.
You knew the following spells:

 Your Spells              Type           Power      Damage    Failure   Level
z - Sandblast             Erth           22%        2d7       6%          1

Your spell library contained the following spells:

 Spells                   Type           Power      Damage    Failure   Level
 Stone Arrow              Conj/Erth      12%        3d7       32%         3
 Petrify                  Tmut/Erth      6%         N/A       73%         4

Inventory:

Hand Weapons
 a - a +1 falchion (weapon)
Scrolls
 c - a scroll of enchant armour {unknown}
Potions
 b - a potion of berserk rage {!q}
 d - a potion of degeneration {unknown}

Dungeon Overview and Level Annotations

Branches:
Dungeon (1/15)

Altars:

#........)...###..†..
#......#.....###.....
###.....###............
#......#...#....††#####
#......#.<.#........#
#..###.........###.....#
....# #..#...#..#
.#.#... .... #..#...#..#
. ....# ...
#.@##.##..#.. ..#.. .!
#....#.#....#. ..# #
........#......
..................
.#....##.....#.#..#
..#### [...?# .. .....#
.###.#


There were no monsters in sight!


Message History

You constrict the dart slug. The dart slug bites you.
* * * LOW HITPOINT WARNING * * *
You hit the dart slug.
You kill the dart slug!
You see here a dart slug corpse.
Magic restored.
HP restored.
Found a ring mail.
Found a whip.
c - a scroll labelled VEPTIE RIYHULE You see here a +0 whip.
Found a fuming sapphire potion.
A bat comes into view.
A bat is nearby!
A bat is nearby!
Casting: Sandblast (safe; 6% risk of failure)
Confirm with . or Enter, or press ? or * to list all spells.
Aiming: Sandblast (safe; 6% risk of failure)
Press: ? - help, Shift-Dir - straight line, f - bat
Aim: a bat (73% to hit)
The blast of sand hits the bat.
You kill the bat!
You have reached level 2!
Found a runed dagger.
Found a bubbling emerald potion.
d - a fuming sapphire potion
Found a scale mail.
Found a scroll labelled ILIHUK ARIL.
You see here a +3 dagger.
Are you sure you want to abandon this character and quit the game? (Confirm with "yes".)

Action                   || total
-------------------------++-------
Melee: Falchion          ||     5
       Constrict         ||     1
 Cast: Sandblast         ||     3
Dodge: Dodged            ||     2

Levels and vault maps discovered:
D:1:      erik_arrival_blinker_ship, layout_rooms

Notes
Turn   | Place    | Note
-------+----------+-------------------------------------------
     0 | D:1      | Jeffwins the Octopode Wanderer began the quest for the Orb.
     0 | D:1      | Jeffwins set off with the following items: a +1 falchion, a
                  | potion of berserk rage {!q}; and the following spell
                  | memorised: Sandblast; and the following spells available to
                  | memorise: Stone Arrow, Petrify.
     0 | D:1      | Reached XP level 1. HP: 18/18 MP: 2/2
   115 | D:1      | Reached XP level 2. HP: 24/24 MP: 2/4
   145 | D:1      | Quit the game

Vanquished Creatures
  A dart slug (D:1)
  A bat (D:1)
  An endoplasm (D:1)
  A hobgoblin (D:1)
  A ball python (D:1)
5 creatures vanquished.

Table legend: (Time is in decaauts)
 A = Elapsed time spent in this place.
 B = Non-inter-level travel time spent in this place.
 C = Inter-level travel time spent in this place.
 D = Time resting spent in this place.
 E = Time spent auto-exploring this place.
 F = Levels seen in this place.
 G = Mean time per level.
                   A        B        C        D        E       F      G
               +--------+--------+--------+--------+--------+-----+--------+
         Total |    147 |    147 |      0 |      0 |    116 |   1 |  147.0 |
       Dungeon |    147 |    147 |      0 |      0 |    116 |   1 |  147.0 |
               +--------+--------+--------+--------+--------+-----+--------+

Top non-repeatable levels by time:
     D:1: 147 daAuts

Table legend:
 A = Non-vault XP
 B = Vault XP
 C = Vault XP percentage of total XP
 D = Non-vault monster count
 E = Vault monster count
 F = Vault count percentage of total count
                 A         B        C        D         E       F
            +---------+---------+-------+---------+---------+-------
      Total |      11 |       0 |   0.0 |       5 |       0 |   0.0
            +---------+---------+-------+---------+---------+-------
        D:1 |      11 |       0 |   0.0 |       5 |       0 |   0.0
            +---------+---------+-------+---------+---------+-------
